 Dungeon Crawl Stone Soup version 0.29.1 (webtiles) character file.

Game seed: 10249277745885005652

121 writerjack the Chopper (level 4, -2/40 HPs)
             Began as a Minotaur Berserker on Sept 13, 2022.
             Was a Believer of Trog.
             Slain by Terence
             ... wielding a +0 flail
              (8 damage)
             ... on level 3 of the Dungeon.
             The game lasted 00:04:20 (1793 turns).

writerjack the Chopper (Minotaur Berserker)         Turns: 1793, Time: 00:04:20

Health: -2/40      AC:  9    Str: 23    XL:     4   Next: 77%
Magic:  3/3        EV:  8    Int:  4    God:    Trog [**....]
Gold:   145        SH:  0    Dex: 10    Spells: 3/3 levels left

rFire   . . .      SeeInvis .   a - +0 hand axe
rCold   . . .      Faith    .   (no shield)
rNeg    . . .      Spirit   .   e - +0 chain mail
rPois   .          Reflect  .   (helmet restricted)
rElec   .          Harm     .   (no cloak)
rCorr   .          Rampage  .   (no gloves)
Will    .....                   (no boots)
Stlth   ..........              (no amulet)
HPRegen 0.13/turn               (no ring)
MPRegen 0.08/turn               (no ring)

@: no status effects
A: horns 2, retaliatory headbutt
a: Renounce Religion, Berserk, Trog's Hand


You were on level 3 of the Dungeon.
You worshipped Trog.
Trog was pleased with you.
You visited 1 branch of the dungeon, and saw 3 of its levels.

You collected 145 gold pieces.

Inventory:

Hand Weapons
 a - a +0 hand axe (weapon)
Armour
 b - a +0 animal skin
 e - a +0 chain mail (worn)
Jewellery
 c - an amulet of the acrobat
Scrolls
 g - 2 scrolls of magic mapping {unknown}
 i - a scroll of butterflies {unknown}
 l - a scroll of vulnerability {unknown}
 m - 2 scrolls of identify {unknown}
 o - a scroll of teleportation {unknown}
Potions
 d - a potion of resistance {unknown}
 f - a potion of haste {unknown}
 h - a potion of berserk rage {unknown}
 j - a potion of degeneration {unknown}
 k - a potion of curing {unknown}
 n - a potion of attraction {unknown}


   Skills:
 - Level 4.0 Fighting
 * Level 6.1 Axes
 - Level 2.9 Armour
 - Level 2.5 Dodging


You had 3 spell levels left.
You didn't know any spells.
Your spell library was empty.

Dungeon Overview and Level Annotations

Branches:
Dungeon (3/15)

Altars:

Shops:
D:3 (

Annotations:
D:3 Terence


Innate Abilities, Weirdness & Mutations

You have a pair of horns on your head.
You reflexively headbutt those who attack you in melee.


Message History

Terence shouts, "Get ready for death!"
Terence hits you with a +0 flail.
You barely miss the adder. Your headbutt misses the adder. You hit Terence.
The adder bites you but does no damage. Terence hits you but does no damage.
You closely miss the adder. You hit Terence. The adder barely misses you.
Terence hits you with a +0 flail. The adder closely misses you.
You closely miss the adder. You hit Terence but do no damage.
The adder bites you but does no damage. Terence hits you with a +0 flail.
You hit the adder.
The adder is lightly wounded.
You hit Terence but do no damage. The adder closely misses you.
Terence hits you with a +0 flail.
You closely miss the adder.
The adder is lightly wounded.
You hit Terence. The adder bites you.
You are poisoned.
The adder poisons you! Terence hits you with a +0 flail. The adder bites you.
You slash the adder!
You kill the adder!
Trog accepts your kill.
You barely miss Terence.
You feel sick. Terence hits you with a +0 flail.
Terence attacks as you move away! Terence hits you with a +0 flail.
You feel sick.
You see here an adder corpse.
You hit Terence.
Terence is heavily wounded.
You feel sick. Terence hits you with a +0 flail.
* * * LOW HITPOINT WARNING * * *
You hit Terence.
Terence is severely wounded.
You feel sick. Terence barely misses you.
You hit Terence.
Terence is severely wounded.
You feel sick. Terence hits you but does no damage.
You barely miss Terence.
Terence is severely wounded.
You feel sick.
You are no longer poisoned.
Terence hits you with a +0 flail!
You die...

#.# #.# #.##### #.#
#....<# #.# #.#####
#.####
#.############....
#......... ....#
#...<...# ####..######
##.......###....@.....#
.†..............@.....+
##....................#
######.....####......#
#.....∩.........# ##
#...............# .#
#...............# .#
#.........####### .#
######....#


You could see Terence.

Vanquished Creatures
  4 adders
  3 worms
  A dart slug (D:2)
  2 orcs (D:3)
  8 ball pythons
  8 endoplasms
  3 giant cockroaches
  3 goblins
  5 hobgoblins
  3 jackals (D:2)
  5 quokkas
  10 bats
  3 frilled lizards
  5 kobolds
  5 rats
68 creatures vanquished.

Notes
Turn   | Place    | Note
-------+----------+-------------------------------------------
     0 | D:1      | writerjack the Minotaur Berserker began the quest for the
                  | Orb.
     0 | D:1      | Reached XP level 1. HP: 19/19 MP: 0/0
   193 | D:1      | Reached XP level 2. HP: 21/27 MP: 1/1
   526 | D:1      | Reached skill level 4 in Axes
   691 | D:1      | Found a faded altar of an unknown god.
   754 | D:2      | Reached XP level 3. HP: 28/33 MP: 2/2
   761 | D:2      | Reached ** piety under Trog
  1047 | D:2      | Reached skill level 5 in Axes
  1120 | D:2      | Reached XP level 4. HP: 40/40 MP: 3/3
  1680 | D:3      | Reached skill level 6 in Axes
  1765 | D:3      | Found Unwiuff's Weapon Shoppe.
  1777 | D:3      | Noticed Terence
  1793 | D:3      | Slain by Terence

Illustrated notes

Levels and vault maps discovered:
D:1:      scummos_arrival_simple_fountains, layout_basic,
          basic_ecumenical_altar, st_stairs_11, serial_park_tiny_1
D:2:      layout_rooms, grunt_ministairs_8, minmay_tromino_i2
D:3:      layout_basic, nicolae_dithmenos_through_a_glass_darkly, serial_shops,
          shop, uniq_terence

Skill      XL: |  1  2  3  4 |
---------------+-------------+-----
Fighting       | 4 |  4.0
Axes           | 4 5 6 |  6.1
Armour         | |  2.9
Dodging        | |  2.5

Action                   |  1- 3 |  4- 6 || total
-------------------------+-------+-------++-------
Melee: Hand axe          |    78 |    59 ||   137
       Headbutt          |    11 |     7 ||    18
Invok: Berserk           |     1 |       ||     1
Armor: Animal skin       |     7 |       ||     7
       Chain mail        |    45 |    34 ||    79
Dodge: Dodged            |    44 |    21 ||    65
